Map: Abyssal Reef LE

Players

Denver

  • Race: Zerg Zerg
  • Spawn Location: 11:00

MaSa - Winner!

  • Race: Terran Terran
  • Spawn Location: 5:00

Event: WCS Valencia 2017

VOD

Have the link to the VOD?

Description

Time

  • Played on: July 13, 2017, 1:33 p.m.
  • Length: 5:51

All games in this series

Show
View Real Time Build Order
Export as new Build Order

Denver Zerg 

Build Orders: Pool First 

Get SALT Encoding   

  12  0:00  Drone  
  13  0:12  Overlord  
  13  0:17  Drone  
  14  0:31  Drone x2  
  14  0:35  Drone  
  17  0:37  Extractor  
  16  0:45  Drone  
  17  0:51  Spawning Pool  
  17  0:56  Drone  
  17  1:17  Hatchery  
  16  1:21  Drone  
  16  1:25  Drone  
  18  1:38  Metabolic Boost  
  18  1:43  Queen  
  20  1:47  Zergling x2  
  20  1:53  Overlord  
  21  1:57  Drone  
  22  2:11  Drone  
  23  2:16  Drone  
  24  2:23  Queen  
  24  2:26  Zergling x2  
  24  2:29  Zergling x2  
  28  2:30  Queen  
  28  2:35  Zergling x2  
  31  2:41  Zergling x2  
  32  2:47  Zergling x2  
  32  2:54  Overlord  
  32  2:56  Drone x3  
  35  3:12  Hatchery  
  33  3:19  Zergling x4  
  35  3:20  Drone  
  35  3:24  Drone x2  
  38  3:27  Drone  
  38  3:32  Drone x2  
  41  3:36  Overlord  
  41  3:40  Drone  
  41  3:41  Drone  
  43  3:50  Overlord  
  43  3:54  Overlord  
  43  3:56  Drone x3  
  43  4:01  Drone  
  47  4:05  Evolution Chamber  
  47  4:06  Drone  
  47  4:08  Evolution Chamber  
  46  4:13  Zergling x6  
  46  4:14  Zergling x2  
  50  4:18  Zergling x4  
  50  4:20  Zergling x2  
  53  4:26  Zergling x4  
  53  4:30  Queen  
  57  4:37  Zergling x2  
  58  4:38  Zergling x2  
  58  4:44  Drone  
  60  4:50  Drone x3  
  62  4:53  Drone x2  
  62  4:56  Drone x2  
  65  5:00  Extractor, Drone x2  
  65  5:01  Drone  
  67  5:07  Drone x3  
  67  5:08  Drone  
  67  5:10  Zergling x2  
  72  5:17  Zergling x2  
  72  5:19  Overlord  
  73  5:21  Overlord  
  73  5:27  Overlord  
Show
View Real Time Build Order
Export as new Build Order

MaSa Terran - Winner!

Build Orders:  

Get SALT Encoding   

  12  0:00  SCV  
  13  0:12  SCV  
  14  0:22  Supply Depot  
  14  0:24  SCV  
  15  0:29  Refinery  
  15  0:43  SCV  
  15  0:44  Barracks  
  16  0:55  SCV  
  17  1:03  Barracks  
  17  1:07  SCV  
  18  1:20  SCV  
  19  1:32  Orbital Command, Reaper  
  20  1:40  Barracks  
  20  1:46  Refinery  
  20  1:50  Reaper  
  21  1:58  Supply Depot  
  21  2:01  SCV  
  21  2:06  Reaper  
  23  2:19  SCV  
  24  2:22  Reaper  
  24  2:23  Supply Depot  
  25  2:31  SCV  
  26  2:38  Reaper x2  
  26  2:43  SCV  
  29  2:55  Reaper  
  29  2:56  SCV  
  31  3:05  Command Center  
  31  3:08  SCV  
  31  3:10  Reaper  
  33  3:19  Reaper  
  32  3:20  SCV  
  34  3:27  Supply Depot, Reaper  
  34  3:32  SCV  
  35  3:35  Barracks  
  35  3:42  Reaper  
  35  3:44  SCV, Barracks  
  37  3:52  Refinery  
  37  3:56  SCV  
  37  3:57  Reaper  
  37  3:59  Reaper  
  40  4:06  Supply Depot  
  40  4:08  SCV  
  41  4:14  Reaper  
  42  4:19  Orbital Command  
  42  4:23  SCV  
  43  4:26  Reaper  
  43  4:29  Reaper  
  45  4:32  Reaper x2  
  45  4:35  SCV  
  48  4:46  Reaper  
  48  4:47  SCV  
  48  4:50  SCV  
  51  4:58  Reaper  
  53  5:00  SCV  
  53  5:01  Reaper  
  53  5:02  SCV  
  53  5:04  Reaper  
  53  5:05  Reaper  
  57  5:12  SCV  
  58  5:14  SCV  
  59  5:24  SCV  
  59  5:26  SCV, Command Center  
  63  5:36  SCV  
Tags
 
Add a new tag
Caveats
  • Supply blocks, unpowered buildings, or Contaminate may cause inaccurate times.
  • Supply counts are checked every 10 seconds.